 Dungeon Sprint DCSS version 0.30-a0-1161-g0704695555 (webtiles) character file.

Game seed: 6974493204081659925

800000 123456 the Insei (level 1, -42/18 HPs)
             Began as a Human Monk on Apr 27, 2023.
             Annihilated by a meat berserker
             ... wielding a +9 battleaxe
              (60 damage)
             ... in the Dungeon (Sprint VIII: "Arena of Blood").
             The game lasted 00:00:13 (8 turns).

123456 the Insei (Human Monk)                          Turns: 8, Time: 00:00:15

Health: -42/18     AC:  2    Str: 11    XL:     1   Next: 0%
Magic:  1/1        EV: 13    Int: 10    God:
Gold:   0          SH:  0    Dex: 15    Spells: 0/0 levels left

rFire   . . .        j - +∞ Axe of Woe
rCold   . . .        (shield currently unavailable)
rNeg    . . .        a - +0 robe
rPois   .            (no helmet)
rElec   .            (no cloak)
rCorr   .            (no gloves)
SInv    .            (no boots)
Will    .....        (no amulet)
Stlth   +            (no ring)
HPRegen 0.23/turn    (no ring)
MPRegen 0.07/turn

%: no teleportation
@: no status effects
A: no striking features
a: no special abilities


You were in the Dungeon.
You visited 1 branch

Inventory:

Hand Weapons
 j - the +∞ Axe of Woe (weapon)
   (You found it in the Dungeon)
Armour
 a - a +0 robe (worn)
 c - an orb of light
Scrolls
 i - a scroll of blinking
Potions
 b - a potion of ambrosia
 d - a potion of curing
 e - a potion of heal wounds
 f - a potion of haste
 g - 2 potions of magic
 h - a potion of berserk rage


   Skills:
 + Level 3.0 Fighting
 + Level 3.0 Dodging
 + Level 3.0 Unarmed Combat


You couldn't memorise any spells.
You didn't know any spells.
Your spell library was empty.

Dungeon Overview and Level Annotations

Branches:
Dungeon (1/1)

Altars:
Makhleb


Message History

------------------------------------------------------------------------------ ------------------------------------------------------------------------------ -- -- -- The Arena Of Blood -- -- -- -- -- -- -- -- You descend into the pit of gibs and meat, -- -- The sunken abyss of the depraved, -- -- The mill of turgid gutspawn. -- -- The writhen instruments serve in adoration, -- -- Immured beneath a rotten throne. -- -- -- -- Before you lies the servitor of chaos, -- -- The cleaver, -- -- The blasphemer, -- -- The destroyer, -- -- The Axe of Woe. -- -- -- -- Vessel of Makhleb, -- -- You are the unmaker, -- -- You bring the rapture, -- -- The murmurs of the thralls rise... -- -- The theatre of blood begins. -- -- -- ------------------------------------------------------------------------------ ------------------------------------------------------------------------------ Welcome, 123456 the Human Monk.
Press ? for a list of commands and other information.
Found the +∞ Axe of Woe.
Found four burning altars of Makhleb.
Found a staircase leading out of the dungeon.
Unknown command.
j - the +∞ Axe of Woe You can't wield that with only one hand.
You hear a shout! x8
Keep disrobing? [Y]es or [N]o only, please.
Keep disrobing?
You start removing your armour.
You continue taking off your orb of light.
The bag of meat shouts!
You hear a shout! x8
You continue taking off your orb of light.
The bag of meat shouts!
You hear a shout! x4
You continue taking off your orb of light.
You hear a shout! x8
You continue taking off your orb of light.
The bag of meat shouts!
The meat berserker shouts!
You hear a shout! x5
You finish taking off your orb of light.
j - the +∞ Axe of Woe (weapon)
You hear a shout! x2
Unknown command.
The meat berserker rages.
You hear a shout! x7
A bag of meat comes into view. It is wielding a +9 war axe. x2
The bag of meat shouts!
You slice the meat berserker!!
You fatally mangle the meat berserker.
You kill the meat berserker!
You hear a shout! x14
The meat berserker hits you with a +9 battleaxe!!!
Ouch! That really hurt!
You die...

.. ... #. ..#
#.. .o# .
.###.. ..###..
......###o.....
...O.._.....
#...O.# #_.o@_#
#....)#
....o._.....
......###......
.###.. ..###..
#.. ..# . #.
..# .. ...


You could see 2 meat berserkers and 4 bags of meat.

Vanquished Creatures
  An ogre (D)
1 creature vanquished.

Notes
Turn   | Place    | Note
-------+----------+-------------------------------------------
     0 | D        | Found the +∞ Axe of Woe
     0 | D        | 123456 the Human Monk began the quest for the Orb.
     0 | D        | Reached XP level 1. HP: 18/18 MP: 1/1
     1 | D        | Noticed a bag of meat
     2 | D        | Noticed a bag of meat
     3 | D        | Noticed a bag of meat
     4 | D        | Noticed a meat berserker
     4 | D        | Noticed a bag of meat
     5 | D        | Noticed a meat berserker
     5 | D        | Noticed a meat berserker
     5 | D        | Noticed a bag of meat
     7 | D        | Noticed a bag of meat
     7 | D        | Noticed a bag of meat
     8 | D        | Killed a meat berserker
     8 | D        | Annihilated by a meat berserker

Illustrated notes

Levels and vault maps discovered:
D:        meatsprint

Action                     || total
---------------------------++-------
  Melee: Executioner's axe ||     1

Table legend: (Time is in decaauts)
 A = Elapsed time spent in this place.
 B = Non-inter-level travel time spent in this place.
 C = Inter-level travel time spent in this place.
 D = Time resting spent in this place.
 E = Time spent auto-exploring this place.
 F = Levels seen in this place.
 G = Mean time per level.
                   A        B        C        D        E       F      G
               +--------+--------+--------+--------+--------+-----+--------+
         Total |      7 |      7 |      0 |      0 |      0 |   1 |    7.0 |
       Dungeon |      7 |      7 |      0 |      0 |      0 |   1 |    7.0 |
               +--------+--------+--------+--------+--------+-----+--------+

Top non-repeatable levels by time:
       D: 7 daAuts
